 Dungeon Crawl Stone Soup version 0.24-a0-769-g368c164 (webtiles) character file.

Game seed: 963546751230922129, levelgen mode: deterministic

2507 BoppinsLewinski the Slasher (level 9, -7/69 HPs)
             Began as a Demonspawn Gladiator on Oct 7, 2019.
             Was an Initiate of Gozag.
             Mangled by Joseph
             ... wielding a +1 quarterstaff of protection
              (10 damage)
             ... on level 6 of the Dungeon.
             The game lasted 00:12:02 (6008 turns).

BoppinsLewinski the Slasher (Demonspawn Gladiator)  Turns: 6008, Time: 00:12:03

Health: -7/69      AC: 10    Str: 17    XL:     9   Next: 28%
Magic:  11/11      EV: 23    Int:  9    God:    Gozag
Gold:   577        SH:  0    Dex: 21    Spells: 8/8 levels left

rFire    . . .     SeeInvis +   a - +0 long sword
rCold    + . .     Gourm    .   (no shield)
rNeg     . . .     Faith    .   h - +0 ring mail
rPois    .         Spirit   .   i - +2 helmet {SInv}
rElec    .         Reflect  .   (no cloak)
rCorr    .         Harm     .   B - +0 pair of gloves
MR       .....                  (boots unavailable)
Stlth    ++........             (no amulet)
HPRegen  0.21/turn              (no ring)
MPRegen  0.12/turn              (no ring)

@: agile
A: hooves 3, repulsion field 2, cold resistance 1, spiny 1
a: Potion Petition, Call Merchant, Bribe Branch, Renounce Religion


You were on level 6 of the Dungeon.
You worshipped Gozag.
Gozag was pleased with you.
You were not hungry.

You visited 2 branches of the dungeon, and saw 8 of its levels.

You collected 664 gold pieces.
You paid 87 gold pieces to Gozag.

Inventory:

Hand Weapons
 a - a +0 long sword (weapon)
Armour
 c - a +0 helmet
 h - a +0 ring mail (worn)
 i - a +2 helmet of see invisible (worn)
 B - a +0 pair of gloves (worn)
Jewellery
 o - a +2 ring of evasion {unknown}
 C - a +4 ring of strength {unknown}
Wands
 d - a wand of iceblast (8)
 x - a wand of flame (15)
 D - a wand of digging (6)
Scrolls
 b - a scroll of random uselessness {unknown}
 j - a scroll of blinking {unknown}
 k - a scroll of enchant weapon {unknown}
 m - a scroll of amnesia {unknown}
 q - 2 scrolls of teleportation
 r - a scroll of enchant armour {unknown}
 s - a scroll of fog {unknown}
 u - a scroll of fear {unknown}
 v - a scroll of immolation {unknown}
 y - 5 scrolls of remove curse
 A - 2 scrolls of noise {unknown}
Potions
 e - 3 potions of heal wounds
 g - 4 potions of curing
 n - 3 potions of flight
 w - a potion of haste {unknown}
 z - a potion of degeneration {unknown}
Comestibles
 f - 9 rations


   Skills:
 + Level 5.7 Fighting
 * Level 7.4 Long Blades
 - Level 1.7 Throwing
 + Level 4.6 Armour
 + Level 5.4 Dodging
 + Level 3.8 Evocations


You had 8 spell levels left.
You didn't know any spells.
Your spell library contained the following spells:

 Spells                   Type           Power        Failure   Level  Hunger
 Animate Skeleton         Necr           N/A          56%         1    ##.....
 Apportation              Tloc           #.....       56%         1    ##.....
 Confusing Touch          Hex            #.....       56%         1    ##.....
 Summon Small Mammal      Summ           #...         56%         1    ##.....


Dungeon Overview and Level Annotations

Branches:
Dungeon (7/15)             Temple (1/1) D:5

Altars:
Ashenzari
Fedhas
Gozag
Hepliaklqana
Kikubaaqudgha
Makhleb
Nemelex Xobeh
Okawaru
Qazlal
Ru
Trog
Uskayaw
Yredelemnul
The Shining One

Annotations:
D:6 Joseph


Innate Abilities, Weirdness & Mutations

You have hooves in place of feet.
You are surrounded by a moderate repulsion field. (EV +3)
Your flesh is cold resistant. (rC+)
You are partially covered in sharp spines.


Message History

Joseph hits ye wit' a +1 quarterstaff o' protection!
Tha crimson imp shouts, "'scape, thou dissemblin' elf-skinn'd puttock!"
Tha crimson imp blinks!
Unknown command.
Joseph hits ye wit' a +1 quarterstaff o' protection!
* * * LOW HITPOINT WARNIN'
* * * Evoke which item? (* ta show all) (? fer menu, 'sc ta quit) Aimin': Iceblast
Press: ? - help, Shift-Dir - straight line Tha beam be likely ta hit ye.
Continue anyway?
Tha mass o' ice 'splodes!
Tha iceblast 'ngulfs Joseph!
Joseph be moderately wounded.
Tha iceblast 'ngulfs ye!
Ye parti'lly resist.
* * * LOW HITPOINT WARNIN'
* * * Joseph be struck by yer spines.
Joseph hits ye but does nay damage.
Ye hit tha crimson imp.
Yer kick misses tha crimson imp.
Tha crimson imp be moderately wounded.
Joseph hits ye wit' a +1 quarterstaff o' protection!
Ye die...
Yer body crumbles inta a pile o' gold.

.....#...# ####.......##
.....##.## #........#
......#.# #........#
....#.#.# #........#
...##.#.# #........####
...##.#.## #........'..#
...##....#######.#......##.#
..............##5##.....##.#
...#####..###.##@#########.#
...# ##.###.##@# #.######
...# #..##.##.# #.##....
...# ##.##.##.#
######.##.##. ...# #.##.##.#
#......##.##. #### #..#.#.>#
#.#######.##. ##.#..[.#
#.#.......##.
#...##.####.#..........
###....)..(...#######..


You could see Joseph (berserk) and a crimson imp.

Vanquished Creatures
  2 phantoms
  An ice beast (D:5)
  3 ogres
  2 sky beasts
  2 bullfrogs
  A wyvern zombie (D:6)
  A water moccasin zombie (D:6)
  A gnoll sergeant (D:7)
  A scorpion (D:6)
  3 howler monkeys
  A jelly (D:6)
  3 crimson imps
  2 bullfrog zombies
  A quasit (D:6)
  3 centaur zombies (D:5)
  2 centaur skeletons
  4 hounds
  An orc priest (D:6)
  3 iron imps (D:5)
  An orc wizard (D:3)
  A bullfrog skeleton (D:5)
  Ijyb (D:4)
  An iguana (D:5)
  8 worker ants
  Natasha (D:2)
  2 killer bee zombies (D:5)
  2 hound zombies
  3 hound skeletons
  Robin (D:2)
  A howler monkey zombie (D:5)
  A worker ant zombie (D:5)
  4 gnolls
  8 adders
  2 shadow imps
  An ooze (D:1)
  An adder zombie (D:5)
  An adder skeleton (D:4)
  2 worms (D:2)
  4 dart slugs
  4 leopard geckos
  16 orcs
  3 ball pythons
  7 giant cockroaches
  19 goblins
  5 hobgoblins
  3 quokkas
  A ball python skeleton (D:5)
  7 bats
  3 frilled lizards
  9 kobolds
  A leopard gecko skeleton (D:5)
  A quokka skeleton (D:6)
  4 rats
  A bush (D:1)
167 creatures vanquished.

Notes
Turn   | Place    | Note
-------+----------+-------------------------------------------
     0 | D:1      | BoppinsLewinski the Demonspawn Gladiator began the quest
                  | for the Orb.
     0 | D:1      | Reached XP level 1. HP: 16/16 MP: 1/1
   344 | D:1      | Gained mutation: You are partially covered in sharp spines.
                  | [demonic ancestry]
   344 | D:1      | Reached XP level 2. HP: 22/22 MP: 2/2
   612 | D:1      | Reached skill level 3 in Long Blades
   907 | D:1      | Gained mutation: You have large cloven feet. [demonic
                  | ancestry]
   907 | D:1      | Reached XP level 3. HP: 27/28 MP: 3/3
  1183 | D:2      | Reached skill level 1 in Armour
  1242 | D:2      | Found a basalt altar of Yredelemnul.
  1485 | D:2      | Noticed Robin
  1485 | D:2      | Reached XP level 4. HP: 28/34 MP: 4/4
  1495 | D:2      | Killed Robin
  1560 | D:2      | Found a bloodstained altar of Trog.
  1570 | D:2      | Noticed Natasha
  1577 | D:2      | Killed Natasha
  1580 | D:2      | Gained mutation: You are surrounded by a mild repulsion
                  | field. (EV +2) [demonic ancestry]
  1580 | D:2      | Reached XP level 5. HP: 34/40 MP: 5/5
  1585 | D:2      | Reached skill level 4 in Long Blades
  2513 | D:4      | Noticed an ogre
  2530 | D:4      | Killed an ogre
  2530 | D:4      | Gained mutation: You have hoof-like feet. [demonic
                  | ancestry]
  2530 | D:4      | Reached XP level 6. HP: 13/47 MP: 6/6
  3069 | D:4      | Noticed Ijyb
  3082 | D:4      | Killed Ijyb
  3169 | D:4      | Reached skill level 5 in Long Blades
  3169 | D:4      | Gained mutation: Your flesh is cold resistant. (rC+)
                  | [demonic ancestry]
  3169 | D:4      | Reached XP level 7. HP: 53/53 MP: 7/7
  3286 | D:4      | Reached skill level 1 in Evocations
  3939 | D:5      | Entered Level 5 of the Dungeon
  3981 | D:5      | Found a staircase to the Ecumenical Temple.
  4000 | Temple   | Entered the Ecumenical Temple
  4039 | Temple   | Became a worshipper of Gozag Ym Sagoz the Greedy
  4275 | D:5      | Gained mutation: You have hooves in place of feet. [demonic
                  | ancestry]
  4275 | D:5      | Reached XP level 8. HP: 51/61 MP: 9/9
  4305 | D:5      | Reached skill level 6 in Long Blades
  4807 | D:5      | Found a burning altar of Makhleb.
  4975 | D:6      | Reached skill level 5 in Fighting
  5026 | D:6      | Reached skill level 5 in Dodging
  5164 | D:6      | Reached skill level 7 in Long Blades
  5318 | D:6      | Gained mutation: You are surrounded by a moderate repulsion
                  | field. (EV +3) [demonic ancestry]
  5318 | D:6      | Reached XP level 9. HP: 58/68 MP: 11/11
  5428 | D:6      | Found an ancient bone altar of Kikubaaqudgha.
  5659 | D:6      | Found a sacrificial altar of Ru.
  5823 | D:7      | Noticed Joseph
  6007 | D:6      | HP: 2/69 [shot self (7)]
  6008 | D:6      | Mangled by Joseph

Levels and vault maps discovered:
D:1:      erik_arrival_cave_to_civilisation [erik_arrival_cave_to_hall],
          layout_loops_corners, serial_forest, infiniplex_forest_straight_2,
          infiniplex_forest_corner_1, infiniplex_forest_clump_small,
          infiniplex_forest_straight_4, infiniplex_forest_clump_double,
          infiniplex_forest_clump_small, infiniplex_forest_join,
          infiniplex_forest_clump_diagonal, infiniplex_forest_straight_2,
          minmay_liquid_box
D:2:      layout_basic, overflow_temple_1_default, yredelemnul_altar_generic,
          minmay_cupped, uniq_robin, uniq_natasha
D:3:      layout_basic
D:4:      layout_cave_pods, first_ration, uniq_ijyb
D:5:      layout_basic, demons_altar, minmay_temple_entry_waves, serial_undead,
          serial_undead_f, serial_undead_a, serial_undead_f, serial_undead_e,
          serial_undead_c, minmay_stone_trees_large, grunt_ministairs_8
D:6:      minmay_general_purpose_star, layout_basic,
          nicolae_overflow_hidden_temple, kennysheep_mini
D:7:      layout_cave_pools, uniq_joseph
Temple:   regret_index_temple_waves

Skill      XL: |  1  2  3  4  5  6  7  8 |
---------------+-------------------------+-----
Long Blades    | 3 4 5 7 |  7.4
Armour         | 1 2 3 4 |  4.6
Dodging        | 3 4 5 |  5.4
Fighting       | 3 4 5 |  5.7
Evocations     | 2 3 |  3.8
Throwing       | |  1.7

Action                   |  1- 3 |  4- 6 |  7- 9 || total
-------------------------+-------+-------+-------++-------
Melee: Long sword        |   205 |   102 |   227 ||   534
       Kick              |     9 |    41 |    92 ||   142
Throw: Throwing net      |       |     5 |       ||     5
Evoke: Wand              |       |       |     3 ||     3
  Use: Scroll            |       |       |     6 ||     6
       Potion            |       |       |     1 ||     1
 Stab: Held in net/web   |       |     1 |       ||     1
       Distracted        |       |       |     1 ||     1
  Eat: Chunk             |     2 |     5 |     3 ||    10
       Ration            |       |       |     2 ||     2
Armor: Leather armour    |     5 |       |       ||     5
       Ring mail         |    20 |    26 |    67 ||   113
Dodge: Dodged            |    49 |    82 |   174 ||   305
       Rpst.: Long sword |    16 |    23 |    53 ||    92

Table legend:
 A = Non-vault XP
 B = Vault XP
 C = Vault XP percentage of total XP
 D = Non-vault monster count
 E = Vault monster count
 F = Vault count percentage of total count
                 A         B        C        D         E       F
            +---------+---------+-------+---------+---------+-------
      Total |    2749 |     833 |  23.3 |     129 |      37 |  22.3
            +---------+---------+-------+---------+---------+-------
        D:1 |      43 |       0 |   0.0 |      22 |       0 |   0.0
        D:2 |      91 |     102 |  52.8 |      14 |      17 |  54.8
        D:3 |     134 |       0 |   0.0 |      30 |       0 |   0.0
        D:4 |     700 |      38 |   5.1 |      21 |       1 |   4.5
        D:5 |     329 |     493 |  60.0 |      10 |      16 |  61.5
        D:6 |    1059 |     200 |  15.9 |      23 |       3 |  11.5
        D:7 |     393 |       0 |   0.0 |       9 |       0 |   0.0
            +---------+---------+-------+---------+---------+-------
